 Dungeon Crawl Stone Soup version 0.32-a0-630-g46d191b0ed (webtiles) character file.

Game seed: 16288848126367910451

165 Alarak the Firebug (level 5, 0/36 HPs)
             Began as a Demonspawn Fire Elementalist on Mar 7, 2024.
             Slain by a gnoll
             ... wielding a +0 halberd
              (12 damage)
             ... on level 3 of the Dungeon.
             The game lasted 00:06:41 (2479 turns).

Alarak the Firebug (Demonspawn Fire Elementalist)   Turns: 2479, Time: 00:06:41

Health: 0/36       AC:  3    Str:  9    XL:     5   Next: 21%
Magic:  6/11       EV: 12    Int: 17    God:
Gold:   146        SH:  0    Dex: 13    Spells: 9/12 levels left

rFire   . . .        h - +3 short sword
rCold   . . .        (no shield)
rNeg    . . .        a - +0 robe
rPois   .            (helmet restricted)
rElec   .            (no cloak)
rCorr   .            (no gloves)
SInv    .            (no boots)
Will    .....        (no amulet)
Stlth   ++           (no ring)
HPRegen 0.26/turn    (no ring)
MPRegen 0.12/turn

%: no passive effects
@: very slightly contaminated
A: horns 1, rugged brown scales 1, demonic magic 1
a: no special abilities


You were on level 3 of the Dungeon.
You visited 1 branch of the dungeon, and saw 3 of its levels.

You collected 146 gold pieces.

Inventory:

Hand Weapons
 h - a +3 short sword (weapon)
Armour
 a - a +0 robe (worn)
Magical Staves
 l - a staff of earth
Scrolls
 e - a scroll of identify
 i - 2 scrolls of teleportation
 j - a scroll of amnesia {unknown}
 m - a scroll of fog
Potions
 b - a potion of magic
 c - a potion of heal wounds {unknown}
 d - a potion of ambrosia
 f - 2 potions of curing {unknown}
 g - a potion of berserk rage {unknown}
 k - a potion of enlightenment {unknown}


   Skills:
 - Level 1.7 Dodging
 - Level 1.7 Stealth
 - Level 4.0 Spellcasting
 - Level 1.0 Conjurations
 + Level 4.1 Fire Magic


You had 9 spell levels left.
You knew the following spells:

 Your Spells              Type           Power      Damage    Failure   Level
a - Foxfire               Conj/Fire      48%        2x1d6     5%          1
b - Scorch                Fire           34%        2d6       4%          2

Your spell library contained the following spells:

 Spells                   Type           Power      Damage    Failure   Level
 Inner Flame              Hex/Fire       10%        N/A       21%         3
 Volatile Blastmotes      Fire/Tloc      20%        2d11      21%         3
 Flame Wave               Conj/Fire      12%        2d6       50%         4


Dungeon Overview and Level Annotations

Branches:
Dungeon (3/15)

Altars:

Shops:
D:2 =?

Annotations:
D:3 2 transporters, Nilihum's ghost, amateur CoAr


Innate Abilities, Weirdness & Mutations

You have a pair of small horns on your head.
You are partially covered in rugged brown scales. (AC +1, +3% HP)
Spells you cast may paralyse adjacent enemies.


Message History

The gnoll is heavily wounded.
The gnoll closely misses you. The gnoll barely misses you.
The foxfire hits the gnoll.
The gnoll is lightly wounded.
You conjure some foxfire!
Malevolent energies surge around you.
The gnoll suddenly stops moving!
The foxfire hits the gnoll.
The gnoll is moderately wounded.
The gnoll barely misses you.
The gnoll hits you from afar with a +0 spear.
Unknown command.
Unknown command.
The helpless gnoll fails to defend itself.
You hit the gnoll.
You headbutt the gnoll, but do no damage.
The gnoll is severely wounded.
The foxfire hits the gnoll.
You kill the gnoll!
The foxfire hits the gnoll.
The gnoll is moderately wounded.
The gnoll hits you from afar with a +0 halberd.
The gnoll misses you.
You conjure some foxfire!
Malevolent energies surge around you. The gnoll barely misses you.
The gnoll closely misses you. The gnoll misses you.
Unknown command.
You miscast Foxfire.
You are very lightly contaminated with residual magic.
Nothing appears to happen.
The foxfire hits the gnoll.
The gnoll is moderately wounded.
The foxfire hits the gnoll.
The gnoll is severely wounded.
The gnoll misses you.
The gnoll hits you from afar with a +0 spear.
The gnoll hits you from afar with a +0 halberd!
You are too injured to fight recklessly!
Unknown command.
Found a stone staircase leading up.
The gnoll attacks as it pursues you! The gnoll barely misses you.
The gnoll hits you from afar with a +0 halberd!
You die...

#< #.. #. #.###### #.
#.#....# #. #.#.##.# #.
#.#..#.### #### #.
#.#<.#....
.....#.########.#######.
......ยง@.........)[.>##.
####....#######.#.......
#.g.g# #.####[### #.g..#
#......... ......#
#########.##. #........
...........#. #..$..###
#########..#. ####.#
#..#. #. #########..#.


You could see 3 gnolls.

Vanquished Creatures
  A bombardier beetle (D:3)
  4 gnolls (D:3)
  4 adders
  A dart slug (D:1)
  A ribbon worm (D:2)
  5 ball pythons
  An endoplasm (D:1)
  4 giant cockroaches
  8 goblins
  5 hobgoblins
  4 jackals (D:1)
  4 kobolds
  2 quokkas
  2 bats
  5 frilled lizards
  4 rats
55 creatures vanquished.

Vanquished Creatures (others)
  98 foxfires
98 creatures vanquished.

Grand Total: 153 creatures vanquished

Notes
Turn   | Place    | Note
-------+----------+-------------------------------------------
     0 | D:1      | Alarak the Demonspawn Fire Elementalist began the quest for
                  | the Orb.
     0 | D:1      | Reached XP level 1. HP: 13/13 MP: 3/3
   313 | D:1      | Gained mutation: Spells you cast may paralyse adjacent
                  | enemies. [demonic ancestry]
   313 | D:1      | Reached XP level 2. HP: 19/19 MP: 2/5
   499 | D:1      | Learned a level 2 spell: Scorch
   648 | D:1      | Reached XP level 3. HP: 24/24 MP: 5/7
   910 | D:2      | Found Ofewaeq's Magic Scroll Shoppe.
  1243 | D:2      | Gained mutation: You have a pair of small horns on your
                  | head. [demonic ancestry]
  1243 | D:2      | Reached XP level 4. HP: 30/30 MP: 0/10
  1612 | D:2      | Found Kehif's One-of-a-Kind Rings.
  2237 | D:3      | Gained mutation: You are partially covered in rugged brown
                  | scales. (AC +1, +3% HP) [demonic ancestry]
  2237 | D:3      | Reached XP level 5. HP: 30/36 MP: 2/11
  2341 | D:3      | Found a transporter.
  2341 | D:3      | Noticed Nilihum's ghost (amateur CoAr)
  2342 | D:3      | Found a transporter.
  2342 | D:3      | Noticed an ogre
  2343 | D:3      | Noticed an ogre
  2344 | D:3      | Noticed an ogre
  2479 | D:3      | Slain by a gnoll

Illustrated notes

Levels and vault maps discovered:
D:1:      minmay_arrival_loop, layout_basic, reono_crystal_passage,
          minmay_tiny_reverse_x
D:2:      layout_loops_ring, serial_shops, shop, nicolae_shop_unique_rings,
          nicolae_titane
D:3:      layout_basic, gammafunk_ghost_smash, minmay_rat_hole, uniq_terence

Skill      XL: |  1  2  3  4  5 |
---------------+----------------+-----
Spellcasting   | 3 4 |  4.0
Fire Magic     | 3 4 |  4.1
Dodging        | |  1.7
Stealth        | |  1.7
Conjurations   | |  1.0

Action                     |  1- 3 |  4- 6 || total
---------------------------+-------+-------++-------
  Melee: Unarmed           |     6 |       ||     6
         Whip              |    17 |       ||    17
         Short sword       |    16 |    11 ||    27
         Headbutt          |       |     1 ||     1
   Cast: Foxfire           |    35 |    31 ||    66
         Scorch            |     8 |     8 ||    16
    Use: Scroll            |     6 |       ||     6
   Stab: Paralysed         |     3 |     2 ||     5
 Armour: Robe              |    21 |    10 ||    31
  Dodge: Dodged            |    22 |    15 ||    37

Table legend: (Time is in decaauts)
 A = Elapsed time spent in this place.
 B = Non-inter-level travel time spent in this place.
 C = Inter-level travel time spent in this place.
 D = Time resting spent in this place.
 E = Time spent auto-exploring this place.
 F = Levels seen in this place.
 G = Mean time per level.
                   A        B        C        D        E       F      G
               +--------+--------+--------+--------+--------+-----+--------+
         Total |   2480 |   2363 |    117 |    174 |   1880 |   3 |  826.7 |
       Dungeon |   2480 |   2363 |    117 |    174 |   1880 |   3 |  826.7 |
               +--------+--------+--------+--------+--------+-----+--------+

Top non-repeatable levels by time:
     D:2: 1101 daAuts
     D:1: 904 daAuts
     D:3: 474 daAuts
